 Dungeon Crawl Stone Soup version 0.30-a0-169-g06f667207d (webtiles) character file.

Game seed: 10044895250582168366

553 qw the Chopper (level 7, -3/43 HPs)
             Began as a Gargoyle Fighter on Sept 29, 2022.
             Slain by an ogre
             ... wielding a +0 giant club
              (18 damage)
             ... on level 4 of the Dungeon.
             The game lasted 00:01:18 (3661 turns).

qw the Chopper (Gargoyle Fighter)                   Turns: 3661, Time: 00:01:18

Health: -3/43      AC: 17    Str: 21    XL:     7   Next: 29%
Magic:  7/7        EV:  7    Int: 16    God:
Gold:   153        SH:  4    Dex:  9    Spells: 6/6 levels left

rFire   x . .      SeeInvis .    Y - +1 war axe
rCold   . . .      Faith    .    c - +0 buckler
rNeg    + + .      Spirit   .    i - +0 chain mail
rPois   inf        Reflect  .    (no helmet)
rElec   +          Harm     .    (no cloak)
rCorr   .          Rampage  .    b - +2 pair of gloves "Rereot" {rF- rN+ Int+7}
Will    .....                    (no boots)
Stlth   ..........               (no amulet)
HPRegen 0.14/turn                (no ring)
MPRegen 0.10/turn                (no ring)

@: no status effects
A: sickness immunity, AC +4, negative energy resistance 1, electricity
resistance, torment resistance 1, petrification resistance
a: no special abilities


You were on level 4 of the Dungeon.
You visited 1 branch of the dungeon, and saw 4 of its levels.

You collected 153 gold pieces.


Innate Abilities, Weirdness & Mutations

You are immune to sickness and miasma.
Your stone body is resilient. (AC +4)
You are immune to poison.
You resist negative energy. (rN+)
You are resistant to electric shocks. (rElec)
You are resistant to unholy torment.
You are immune to petrification.


   Skills:
 - Level 4.1 Fighting
 + Level 6.6 Axes
 - Level 3.2 Armour
 - Level 1.1 Dodging
 - Level 3.2 Shields


You had 6 spell levels left.
You didn't know any spells.
Your spell library was empty.

Inventory:

Hand Weapons
 a - a +0 flail
 Y - a +1 war axe (weapon)
Armour
 b - the +2 pair of gloves "Rereot" (worn) {rF- rN+ Int+7}
   (You found it on level 3 of the Dungeon)

   Int:       It affects your intelligence (+7).
   rF:        It makes you vulnerable to fire.
   rN:        It protects you from negative energy.
 c - a +0 buckler (worn)
 i - a +0 chain mail (worn)
 m - a +0 pair of gloves
Scrolls
 f - 3 scrolls of identify
 h - a scroll of noise {unknown}
 k - a scroll of enchant armour
Potions
 d - 3 potions of might
 e - 3 potions of attraction
 g - 4 potions of curing
 j - a potion of haste
 l - a potion of mutation
 n - a potion of lignification

Dungeon Overview and Level Annotations

Branches:
Dungeon (4/15)
 Temple: D:4-7

Altars:
Ashenzari
Cheibriados
Wu Jian
Yredelemnul
The Shining One

Shops:
D:4 :


Message History

The iguana bites you but does no damage.
You hit the iguana.
The iguana is heavily wounded.
The iguana hisses menacingly.
The iguana bites you but does no damage. x2
You slash the iguana!
You kill the iguana!
Found 6 stones.
Enter note: An endoplasm comes into view.
You hit the endoplasm.
The endoplasm is severely wounded.
The endoplasm barely misses you.
You hit the endoplasm.
You kill the endoplasm!
A giant cockroach comes into view.
You hit the giant cockroach but do no damage.
The giant cockroach bites you but does no damage.
You hit the giant cockroach but do no damage.
The giant cockroach bites you but does no damage.
You hit the giant cockroach but do no damage.
You block the giant cockroach's attack. The giant cockroach barely misses you.
You slash the giant cockroach!
You kill the giant cockroach!
An ogre comes into view. It is wielding a +0 giant club.
The ogre shouts!
You barely miss the ogre. The ogre hits you with a +0 giant club.
You hit the ogre.
The ogre is moderately wounded.
The ogre hits you with a +0 giant club!!
You hit the ogre.
The ogre is moderately wounded.
You barely miss the ogre.
The ogre is moderately wounded.
The ogre hits you with a +0 giant club.
You hit the ogre but do no damage.
The ogre is moderately wounded.
The ogre hits you with a +0 giant club!!
You die...

#..# #..#
#..# #..#
#..# ##
#####..# .#
###......# .#
......O@.# .#
###.####.# .#
#.# .#
#.##### .#
#.....#####
.#
#####.....#
##
###.#.###.#
##.........#
#..
##..#.......#


You could see an ogre.

Vanquished Creatures
  2 black bears
  A water moccasin zombie (D:3)
  An orc priest (D:4)
  Ijyb (D:3)
  Jessica (D:2)
  2 iguanas (D:4)
  3 orc wizards (D:4)
  A hound zombie (D:3)
  2 adders
  2 worms
  2 dart slugs (D:3)
  4 orcs
  A bat (D:3)
  7 endoplasms
  5 giant cockroaches
  8 hobgoblins
  7 kobolds
  2 quokkas
  5 ball pythons
  3 frilled lizards
  5 goblins
  3 rats
68 creatures vanquished.

Notes
Turn   | Place    | Note
-------+----------+-------------------------------------------
     0 | D:1      | qw the Gargoyle Fighter began the quest for the Orb.
     0 | D:1      | Reached XP level 1. HP: 14/14 MP: 1/1
     0 | D:1      | 0 ||| qw: Version: 0.2-a-12-gaebbb33
     0 | D:1      | 0 ||| qw: Game counter: 1289
     0 | D:1      | 0 ||| qw: Always use a shield: true
     0 | D:1      | 0 ||| qw: God list: Okawaru
     0 | D:1      | 0 ||| qw: Allow faded altars: false
     0 | D:1      | 0 ||| qw: Do Orc after D:15 true
     0 | D:1      | 0 ||| qw: Do second Lair branch before Depths: true
     0 | D:1      | 0 ||| qw: Lair rune preference: random
     0 | D:1      | 0 ||| qw: Plans: Normal, Zot:1-4, God:TSO, Crypt, Tomb,
                  | Pan, Slime:5, Hells, Abyss, Orb
     0 | D:1      | 0 ||| PLANNING D:1-11
    46 | D:1      | Found a faded altar of an unknown god.
    55 | D:1      | Reached skill level 2 in Axes
   186 | D:1      | Reached XP level 2. HP: 19/19 MP: 2/2
   641 | D:1      | 641 ||| READING scroll labelled SAZOPH YRARABE.
   642 | D:1      | 642 ||| READING scroll labelled EKKEOP ICHO.
   643 | D:1      | 643 ||| READING scroll labelled HIRANU OCRO.
   644 | D:1      | 644 ||| DRINKING 2 puce potions.
   669 | D:2      | 669 ||| STAIRDANCE
   723 | D:2      | Reached skill level 3 in Axes
   723 | D:2      | Reached XP level 3. HP: 18/23 MP: 3/3
   873 | D:2      | Noticed Jessica
   875 | D:2      | Killed Jessica
   876 | D:2      | Reached XP level 4. HP: 28/28 MP: 4/4
  1094 | D:2      | Reached skill level 4 in Axes
  1362 | D:2      | 1362 ||| DROPPING scarf of shadows.
  1363 | D:2      | 1363 ||| READING scroll labelled OZUHA GUC DONI.
  1364 | D:2      | 1364 ||| READING scroll labelled ANIOTA ASHUGH.
  1367 | D:2      | 1367 ||| READING scroll labelled WYLUHI ROLAVU.
  1368 | D:2      | 1368 ||| READING 3 scrolls of identify.
  1368 | D:2      | 1368 ||| IDENTIFYING white potion
  1369 | D:2      | 1369 ||| READING 2 scrolls of identify.
  1369 | D:2      | 1369 ||| IDENTIFYING coppery potion
  1370 | D:2      | 1370 ||| DROPPING potion of degeneration.
  1489 | D:3      | Noticed a black bear
  1499 | D:3      | Killed a black bear
  1500 | D:3      | Reached skill level 5 in Axes
  1500 | D:3      | Reached XP level 5. HP: 13/32 MP: 5/5
  1761 | D:3      | Found a glowing golden altar of the Shining One.
  1839 | D:3      | Found a broken altar of Ashenzari.
  1929 | D:3      | Found an ornate altar of the Wu Jian Council.
  1931 | D:3      | 1931 ||| UPGRADING to +0 chain mail.
  1965 | D:3      | 1965 ||| DROPPING +0 scale mail.
  1991 | D:3      | Noticed Ijyb
  1992 | D:3      | 1992 ||| Stepping ~*~*~tactically~*~*~ (hiding).
  2000 | D:3      | HP: 6/32 [disintegration (9)]
  2006 | D:3      | HP: 5/32 [Ijyb/+0 club (1)]
  2007 | D:3      | Killed Ijyb
  2284 | D:3      | Reached XP level 6. HP: 30/38 MP: 6/6
  2349 | D:3      | Found a basalt altar of Yredelemnul.
  2423 | D:3      | 2423 ||| Stepping ~*~*~tactically~*~*~ (stealth).
  2614 | D:3      | Found a snail-covered altar of Cheibriados.
  2620 | D:3      | Identified the +2 pair of gloves "Rereot" {rF- rN+ Int+7}
  2622 | D:3      | 2622 ||| UPGRADING to +2 pair of gloves "Rereot" {rF- rN+
                  | Int+7}.
  2718 | D:3      | 2718 ||| READING scroll labelled TIL BINGAINIPT.
  2719 | D:3      | 2719 ||| DRINKING 2 orange potions.
  2720 | D:3      | 2720 ||| DRINKING 2 bubbling coppery potions.
  2786 | D:3      | 2786 ||| READING 3 scrolls of identify.
  2786 | D:3      | 2786 ||| IDENTIFYING lumpy golden potion
  2871 | D:4      | Noticed a black bear
  2881 | D:4      | Killed a black bear
  2882 | D:4      | Reached skill level 6 in Axes
  2988 | D:4      | Found Vapnumy's Book Boutique.
  3292 | D:4      | 3292 ||| Stepping ~*~*~tactically~*~*~ (stealth).
  3302 | D:4      | Reached skill level 1 in Dodging
  3427 | D:4      | 3427 ||| Stepping ~*~*~tactically~*~*~ (hiding).
  3436 | D:4      | 3436 ||| DRINKING 5 potions of curing.
  3436 | D:4      | 3436 ||| (to cure confusion)
  3438 | D:4      | Reached XP level 7. HP: 28/43 MP: 7/7
  3438 | D:4      | 3438 ||| FLEEEEING.
  3554 | D:4      | 3554 ||| Stepping ~*~*~tactically~*~*~ (stealth).
  3661 | D:4      | Slain by an ogre

Levels and vault maps discovered:
D:1:      minmay_arrival_four_houses, layout_basic,
          hellmonk_ecumenical_altar_lost_god
D:2:      layout_rooms, minmay_tromino_v2, uniq_jessica
D:3:      layout_basic, mainiacjoe_overflow_chevrons,
          nicolae_wu_jian_immortal_techniques, mainiacjoe_overflow_boulevard,
          tso_metal_star, lemuel_zombie_altar_yredelemnul,
          nicolae_underground_beach, uniq_ijyb
D:4:      black_bear_nest_2, layout_loops_ring, serial_shops, shop,
          hangedman_decor_opposing

Skill      XL: |  1  2  3  4  5  6 |
---------------+-------------------+-----
Axes           | 2 3 5 6 |  6.6
Fighting       | 4 |  4.1
Dodging        | 1 |  1.1
Armour         | |  3.2
Shields        | |  3.2

Action                   |  1- 3 |  4- 6 |  7- 9 || total
-------------------------+-------+-------+-------++-------
Melee: War axe           |    53 |   144 |    28 ||   225
  Use: Scroll            |     3 |     7 |       ||    10
       Potion            |     1 |     3 |       ||     4
Armor: Scale mail        |    20 |    34 |       ||    54
       Chain mail        |       |    56 |    13 ||    69
Dodge: Dodged            |    23 |    58 |     5 ||    86
Block: Buckler           |     7 |    24 |     2 ||    33

Table legend:
 A = Non-vault XP
 B = Vault XP
 C = Vault XP percentage of total XP
 D = Non-vault monster count
 E = Vault monster count
 F = Vault count percentage of total count
                 A         B        C        D         E       F
            +---------+---------+-------+---------+---------+-------
      Total |     492 |     298 |  37.7 |      62 |       6 |   8.8
            +---------+---------+-------+---------+---------+-------
        D:1 |      23 |       0 |   0.0 |      14 |       0 |   0.0
        D:2 |      41 |      38 |  48.1 |      15 |       2 |  11.8
        D:3 |     161 |     136 |  45.8 |      13 |       3 |  18.8
        D:4 |     267 |     124 |  31.7 |      20 |       1 |   4.8
            +---------+---------+-------+---------+---------+-------
